 Dungeon Crawl Stone Soup version 0.27-a0-1434-g6f15984924 (webtiles) character file.

Game seed: 11490766976411063485

36 pokeman the Magician (level 3, 0/20 HPs)
             Began as a Deep Elf Hedge Wizard on July 3, 2021.
             Hit by a goblin thrown by Robin (1 damage)
             ... on level 2 of the Dungeon.
             The game lasted 00:05:42 (2669 turns).

pokeman the Magician (Deep Elf Hedge Wizard)        Turns: 2669, Time: 00:05:42

Health: 0/20       AC:  3    Str:  7    XL:     3   Next: 19%
Magic:  7/11       EV: 12    Int: 19    God:
Gold:   95         SH:  0    Dex: 14    Spells: 1/12 levels left

rFire    . . .     SeeInvis .   j - +0 war axe
rCold    . . .     Faith    .   (no shield)
rNeg     . . .     Spirit   .   b - +0 robe
rPois    .         Reflect  .   c - +0 hat
rElec    .         Harm     .   (no cloak)
rCorr    .         Rampage  .   d - +0 pair of gloves
Will     .....                  (no boots)
Stlth    ++........             (no amulet)
HPRegen  0.06/turn              (no ring)
MPRegen  0.12/turn              (no ring)

@: no status effects
A: no striking features
a: no special abilities


You were on level 2 of the Dungeon.
You visited 1 branch of the dungeon, and saw 3 of its levels.

You collected 95 gold pieces.

Inventory:

Hand Weapons
 j - a +0 war axe (weapon)
Missiles
 i - 22 bolts
Armour
 b - a +0 robe (worn)
 c - a +0 hat (worn)
 d - a +0 pair of gloves (worn)
Scrolls
 f - 3 scrolls of identify {unknown}
 g - a scroll of teleportation {unknown}
 h - 2 scrolls of enchant weapon {unknown}
Potions
 a - 2 potions of flight {unknown}
 e - a potion of magic {unknown}


   Skills:
 + Level 0.7 Fighting
 + Level 0.7 Armour
 - Level 2.4 Dodging
 - Level 2.4 Stealth
 * Level 5.2 Spellcasting
 + Level 1.7 Conjurations
 - Level 1.1 Summonings
 - Level 1.1 Translocations


You had one spell level left.
You knew the following spells:

 Your Spells              Type           Power      Damage    Failure   Level
a - Magic Dart            Conj           44%        1d5       6%          1
b - Mephitic Cloud        Conj/Pois/Air  7%         N/A       28%         3
c - Call Imp              Summ           9%         N/A       12%         2
d - Blink                 Tloc           N/A        N/A       12%         2
e - Conjure Flame         Conj/Fire      8%         6-21      26%         3

Your spell library contained the following spells:

 Spells                   Type           Power      Damage    Failure   Level
 Slow                     Hex            4%         N/A       19%         2


Dungeon Overview and Level Annotations

Branches:
Dungeon (3/15)

Altars:
Makhleb

Shops:
D:2 *

Annotations:
D:2 Robin


Message History

The goblin is severely wounded.
You completely miss the hobgoblin. The hobgoblin hits you.
The goblin hits you but does no damage.
You closely miss the goblin.
The goblin is severely wounded.
You hit the hobgoblin but do no damage. The hobgoblin barely misses you.
The goblin hits you with a +0 dagger. The hobgoblin hits you.
The goblin hits you with a +0 dagger.
You completely miss the goblin.
The goblin is severely wounded.
You closely miss the hobgoblin.
Robin roars a battlecry!
The goblins go into a battle-frenzy!
The hobgoblin hits you. The goblin hits you with a +0 dagger.
* * * LOW HITPOINT WARNING * * *
You hear a shout! x2
The hobgoblin hits you.
* * * LOW HITPOINT WARNING * * *
Casting: Magic Dart (safe; 6% risk of failure)
Confirm with . or Enter, or press ? or * to list all spells.
Aiming: Magic Dart (safe; 6% risk of failure)
Press: ? - help, Shift-Dir - straight line, f/p - goblin
Aim: a goblin, wielding a +0 dagger (severely wounded, strong, 100% to hit)
The magic dart hits the hobgoblin.
You kill the hobgoblin!
Unknown command.
Casting: Magic Dart (safe; 6% risk of failure)
Confirm with . or Enter, or press ? or * to list all spells.
You don't know that spell.
Casting: Magic Dart (safe; 6% risk of failure)
Confirm with . or Enter, or press ? or * to list all spells.
The spell is potentially lethal to cast (28% risk of failure)!
Continue anyway?
Okay, then.
Casting: Mephitic Cloud (potentially lethal; 28% risk of failure)
Confirm with . or Enter, or press ? or * to list all spells.
A beastly little devil appears in a puff of frigid air.
The hobgoblin misses you.
You swap places.
The hobgoblin hits your white imp. Robin throws the goblin at you!
You die...

#......#......##############.
#......#......# #.
#.............# #.
#.....<....#### ###### #.
######.....# #....# #.
#.....### #....# #. #.....#.#
#....# #.
#.....#g######....#####.
#.....#@^...##....#.....
#.....#5###.##....#.####
#.....#g#...##gg..#.#
#.....#g#..g.g......#
#.#####†#...........# #.#
#.gg.#.......## ###.#
#####.########## #...#
#.....# #######.### #.#####


You could see Robin, a hobgoblin (strong, ally target), 2 goblins and a friendly
white imp (summoned).

Vanquished Creatures
  A dart slug (D:2)
  2 bats
  4 endoplasms
  A giant cockroach (D:2)
  3 goblins (D:2)
  4 hobgoblins
  4 jackals (D:2)
  A quokka (D:2)
  3 ball pythons
  A frilled lizard (D:2)
  4 kobolds
  2 rats
30 creatures vanquished.

Vanquished Creatures (others)
  2 plants (D:2)
2 creatures vanquished.

Grand Total: 32 creatures vanquished

Notes
Turn   | Place    | Note
-------+----------+-------------------------------------------
     0 | D:1      | pokeman the Deep Elf Hedge Wizard began the quest for the
                  | Orb.
     0 | D:1      | Reached XP level 1. HP: 10/10 MP: 7/7
   590 | D:1      | Reached XP level 2. HP: 4/16 MP: 5/9
  1727 | D:2      | Noticed Robin
  1729 | D:2      | Reached skill level 5 in Spellcasting
  1986 | D:2      | Reached XP level 3. HP: 20/20 MP: 9/11
  1990 | D:2      | Learned a level 3 spell: Mephitic Cloud
  1993 | D:2      | Learned a level 2 spell: Call Imp
  1996 | D:2      | Learned a level 2 spell: Blink
  2000 | D:2      | Learned a level 3 spell: Conjure Flame
  2083 | D:2      | Found Xiabliru's Assorted Antiques.
  2533 | D:3      | Found a burning altar of Makhleb.
  2664 | D:2      | HP: 1/20 [hobgoblin[Robin] (5)]
  2669 | D:2      | Hit by a goblin thrown by Robin

Illustrated notes

Levels and vault maps discovered:
D:1:      sevenhm_arrival_forest_fort_large_2, layout_loops_cross,
          minmay_misc_feat_x
D:2:      layout_basic, serial_shops, nicolae_shop_overgrown_old_shop,
          minmay_pentomino_x4, uniq_robin
D:3:      layout_loops_ring, bloody_makhleb, minmay_vboxes, uniq_natasha

Skill      XL: |  1  2 |
---------------+-------+-----
Spellcasting   | 5 |  5.2
Fighting       | |  0.7
Armour         | |  0.7
Dodging        | |  2.4
Stealth        | |  2.4
Conjurations   | |  1.7
Summonings     | |  1.1
Translocations | |  1.1

Action                   || total
-------------------------++-------
Melee: Dagger            ||    13
       War axe           ||     5
 Cast: Magic Dart        ||    83
       Call Imp          ||     1
Armor: Robe              ||    21
Dodge: Dodged            ||    28

Table legend: (Time is in decaauts)
 A = Elapsed time spent in this place.
 B = Non-inter-level travel time spent in this place.
 C = Inter-level travel time spent in this place.
 D = Time resting spent in this place.
 E = Time spent auto-exploring this place.
 F = Levels seen in this place.
 G = Mean time per level.
                   A        B        C        D        E       F      G
               +--------+--------+--------+--------+--------+-----+--------+
         Total |   2672 |   2533 |    139 |    159 |   2036 |   3 |  890.7 |
       Dungeon |   2672 |   2533 |    139 |    159 |   2036 |   3 |  890.7 |
               +--------+--------+--------+--------+--------+-----+--------+

Top non-repeatable levels by time:
     D:1: 1402 daAuts
     D:2: 1267 daAuts
     D:3: 1 daAuts
